 Dungeon Crawl Stone Soup version 0.31-a0-875-g02e7d12df6 (webtiles) character file.

Game seed: 12211620528291293184

859 Fodor the Covered (level 7, -5/91 HPs)
             Began as a Minotaur Fighter on Oct 12, 2023.
             Engulfed by a cloud of flame (7 damage)
             ... on level 4 of the Dungeon.
             The game lasted 00:18:53 (3786 turns).

Fodor the Covered (Minotaur Fighter)                Turns: 3786, Time: 00:18:54

Health: -5/91      AC: 27    Str: 21 (23) XL:     7   Next: 71%
Magic:  6/6        EV:  2    Int:  3 (5)  God:
Gold:   113        SH:  4    Dex:  8 (9)  Spells: 6/6 levels left

rFire   . . .        n - +0 flail
rCold   . . .        c - +0 buckler
rNeg    + . .        B - melded +0 plate armour
rPois   +            (helmet currently unavailable)
rElec   .            (cloak currently unavailable)
rCorr   .            (gloves currently unavailable)
SInv    .            (boots currently unavailable)
Will    .....        (no amulet)
Stlth   +            e - +4 ring of protection
HPRegen 0.35/turn    j - ring of positive energy
MPRegen 0.10/turn

%: no passive effects
@: brilliant, tree-form, hasted, very quick
A: stationary, stasis, torment immunity, boosted hp, (horns 2), (retaliatory
headbutt)
a: no special abilities


You were on level 4 of the Dungeon.
You were a tree.
You visited 1 branch of the dungeon, and saw 4 of its levels.

You collected 113 gold pieces.

Inventory:

Hand Weapons
 n - a +0 flail (weapon)
 z - a +0 scythe
Missiles
 t - a curare-tipped dart (quivered)
Armour
 c - a +0 buckler (worn)
 B - a +0 plate armour (melded)
Jewellery
 e - a +4 ring of protection (left branch)
 j - a ring of positive energy (right branch)
 D - a ring of poison resistance
Talismans
 x - a blade talisman
Wands
 b - a wand of charming (13)
 v - a wand of acid (15)
Scrolls
 a - a scroll of teleportation
 i - a scroll of poison
 l - 2 scrolls of fog
 q - a scroll of brand weapon {unknown}
 r - a scroll of enchant weapon {unknown}
 s - a scroll of revelation {unknown}
 u - a scroll of blinking {unknown}
 w - a scroll of amnesia {unknown}
 y - a scroll of butterflies {unknown}
 C - a scroll of noise {unknown}
Potions
 d - 3 potions of might
 g - a potion of lignification
 h - 5 potions of attraction


   Skills:
 + Level 5.6 Fighting
 + Level 4.0 Long Blades
 + Level 5.7 Maces & Flails
 + Level 0.1 Throwing
 + Level 6.3 Armour
 + Level 2.0 Dodging
 + Level 0.5 Stealth
 + Level 4.7 Shields


You had 6 spell levels left.
You didn't know any spells.
Your spell library contained the following spells:

 Spells                   Type           Power      Damage    Failure   Level
 Necrotise                Necr           0%         1d4       58%         1
 Inner Flame              Hex/Fire       0%         N/A       91%         3
 Vampiric Draining        Necr           0%         2d6       91%         3
 Agony                    Necr           0%         N/A       100%        5
 Yara's Violent Unravell  Hex/Tmut       0%         3d3       100%        5
 Enfeeble                 Hex            0%         N/A       100%        7


Dungeon Overview and Level Annotations

Branches:
Dungeon (4/15)
 Temple: D:4-7

Altars:
Elyvilon
Nemelex Xobeh
Okawaru
Ru
Sif Muna


Innate Abilities, Weirdness & Mutations

You are a tree.
Your roots penetrate the ground, keeping you stationary.
You cannot be teleported.
You are immune to unholy pain and torment.
Your maximum health is greatly increased.
Your equipment is partially melded.
((You have a pair of horns on your head.))
((You reflexively headbutt those who attack you in melee.))


Message History

It was a scroll of immolation.
The gnoll hits you but does no damage.
Unknown command.
You hit the gnoll sergeant but do no damage.
The gnoll sergeant is almost dead.
The gnoll sergeant hits you but does no damage.
You hit the gnoll sergeant but do no damage.
The gnoll sergeant is almost dead.
The gnoll hits you from afar with a +0 spear.
The gnoll sergeant hits you but does no damage.
You hit the gnoll sergeant but do no damage.
The gnoll sergeant is almost dead.
The gnoll hits you but does no damage.
The gnoll sergeant hits you but does no damage.
You hit the gnoll sergeant but do no damage.
The gnoll sergeant is almost dead.
The gnoll hits you but does no damage.
The gnoll sergeant hits you but does no damage.
You hit the gnoll sergeant.
Flame seeps out of the gnoll sergeant.
The gnoll sergeant is almost dead.
You hit the gnoll sergeant but do no damage.
The gnoll sergeant is almost dead.
The gnoll barely misses you.
The gnoll sergeant is engulfed in blazing flames.
The gnoll sergeant explodes!
The fiery explosion engulfs you!!!
* * * LOW HITPOINT WARNING * * *
The fiery explosion engulfs the gnoll!!!
The gnoll explodes!
The fiery explosion engulfs the gnoll!!
The fiery explosion engulfs the gnoll!
The fiery explosion engulfs the gnoll!!
The gnoll explodes! x3
Your Dodging skill increases to level 2!
Unknown command.
Unknown command.
You cannot move.
You cannot move.
You're standing in a cloud of flame!
Okay, then.
You are engulfed in blazing flames.
You die...

###.# #......#..........#####..
#...# #......#.#.......#.......
#.### #........#.##............
##.# #......###....##.#.......
#..# #....>.#≈≈≈≈≈≈≈≈≈######..
#.## #......#≈##≈≈≈##≈# ###..
#.# ########≈#######≈# #.... #.#
###§§#§§.#≈≈# #.#.. #.#
#(.♣°§§§(#≈≈# #.#.. #.#
##.#§§#§§.#≈≈# #.### #.#
#...≈#######≈ #.###
#.##########.##≈##≈≈≈##≈ #....
#....†...†...##≈≈≈≈≈≈≈≈≈########
################### #........
#.#####.# ##.# #.. #..# #..


There were no monsters in sight!

Vanquished Creatures
  Grinder (D:4)
  Sigmund (D:4)
  Menkaure (D:4)
  A gnoll sergeant (D:4)
  A gnoll bouda (D:4)
  10 adders
  12 gnolls
  2 worms
  7 dart slugs
  7 orcs
  3 giant cockroaches
  5 goblins
  10 hobgoblins
  4 jackals (D:1)
  4 kobolds
  A quokka (D:1)
  8 ball pythons
  6 bats
  2 frilled lizards
  3 rats
89 creatures vanquished.

Notes
Turn   | Place    | Note
-------+----------+-------------------------------------------
     0 | D:1      | Fodor the Minotaur Fighter began the quest for the Orb.
     0 | D:1      | Reached XP level 1. HP: 19/19 MP: 0/0
    42 | D:1      | Reached XP level 2. HP: 27/27 MP: 1/1
   178 | D:1      | Reached skill level 4 in Armour
   365 | D:1      | Reached XP level 3. HP: 33/33 MP: 2/2
  1719 | D:2      | Reached XP level 4. HP: 41/41 MP: 3/3
  1841 | D:3      | Reached skill level 1 in Dodging
  2204 | D:3      | Found a sacrificial altar of Ru.
  2295 | D:3      | Reached XP level 5. HP: 44/47 MP: 4/4
  2419 | D:3      | Found a sparkling altar of Nemelex Xobeh.
  2586 | D:3      | Reached skill level 1 in Maces & Flails
  2586 | D:3      | Reached skill level 5 in Armour
  2867 | D:4      | Noticed Sigmund
  2876 | D:4      | Killed Sigmund
  2877 | D:4      | Reached XP level 6. HP: 48/55 MP: 5/5
  2931 | D:4      | Found a shimmering blue altar of Sif Muna.
  2957 | D:4      | Noticed Menkaure
  2964 | D:4      | Killed Menkaure
  2965 | D:4      | Reached skill level 5 in Fighting
  3033 | D:4      | Noticed Grinder
  3050 | D:4      | Paralysed by Grinder for 5 turns
  3063 | D:4      | Paralysed by Grinder for 2 turns
  3068 | D:4      | Killed Grinder
  3069 | D:4      | Reached skill level 5 in Maces & Flails
  3069 | D:4      | Reached skill level 6 in Armour
  3069 | D:4      | Reached XP level 7. HP: 23/61 MP: 6/6
  3458 | D:4      | Found a large runed translucent door.
  3462 | D:4      | Found a large runed translucent door.
  3653 | D:4      | Found a white marble altar of Elyvilon.
  3667 | D:4      | Found an iron altar of Okawaru.
  3785 | D:4      | HP: 2/91 [spore (41)]
  3786 | D:4      | Engulfed by a cloud of flame

Illustrated notes

Levels and vault maps discovered:
D:1:      nicolae_arrival_memento_mori, layout_basic
D:2:      layout_basic
D:3:      layout_basic, lemuel_doored_altar, nemelex_altar_shiori,
          gup_sewer_entry_glass, eino_tiny_chamber,
          chequers_serial_rivers_small_3, eino_tiny_chamber,
          guppyfry_early_lair_pool
D:4:      layout_loops_cross, kennysheep_mini, jmf_multi_god_temple2,
          lightli_minifort, uniq_sigmund, uniq_grinder, uniq_menkaure

Skill      XL: |  1  2  3  4  5  6  7 |
---------------+----------------------+-----
Fighting       | 4 5 |  5.6
Armour         | 4 5 6 |  6.3
Long Blades    | 3 4 |  4.0
Shields        | 4 |  4.7
Dodging        | 1 2 |  2.0
Maces & Flails | 3 5 |  5.7
Throwing       | |  0.1
Stealth        | |  0.5

Action                     |  1- 3 |  4- 6 |  7- 9 || total
---------------------------+-------+-------+-------++-------
  Melee: Long sword        |    97 |    22 |       ||   119
         Headbutt          |    14 |    13 |     6 ||    33
         Flail             |       |    80 |    39 ||   119
  Throw: Dart              |       |       |     5 ||     5
    Use: Potion            |       |     5 |     6 ||    11
         Scroll            |       |       |     4 ||     4
 Armour: Scale mail        |    84 |    60 |       ||   144
         Plate armour      |       |    31 |    62 ||    93
         Skin              |       |       |    30 ||    30
  Dodge: Dodged            |    53 |    58 |    28 ||   139
  Block: Buckler           |    31 |    27 |    14 ||    72

Table legend: (Time is in decaauts)
 A = Elapsed time spent in this place.
 B = Non-inter-level travel time spent in this place.
 C = Inter-level travel time spent in this place.
 D = Time resting spent in this place.
 E = Time spent auto-exploring this place.
 F = Levels seen in this place.
 G = Mean time per level.
                   A        B        C        D        E       F      G
               +--------+--------+--------+--------+--------+-----+--------+
         Total |   3861 |   3770 |     91 |    512 |      0 |   4 |  965.2 |
       Dungeon |   3861 |   3770 |     91 |    512 |      0 |   4 |  965.2 |
               +--------+--------+--------+--------+--------+-----+--------+

Top non-repeatable levels by time:
     D:4: 1130 daAuts
     D:1: 1039 daAuts
     D:3: 957 daAuts
     D:2: 734 daAuts
